 Dungeon Crawl Stone Soup version 0.28-a0-998-gb9e9c7b67e (webtiles) character file.

Game seed: 7199975911929860998

35 DrunkBamboolord the Skirmisher (level 3, 0/31 HPs)
             Began as a Palentonga Fighter on Dec 6, 2021.
             Slain by an orc priest (5 damage)
             ... on level 2 of the Dungeon.
             The game lasted 00:02:45 (941 turns).

DrunkBamboolord the Skirmisher (Palentonga Fighter)  Turns: 941, Time: 00:02:45

Health: 0/31       AC:  6    Str: 21    XL:     3   Next: 16%
Magic:  3/3        EV:  7    Int:  8    God:
Gold:   16         SH:  0    Dex:  9    Spells: 2/2 levels left

rFire   . . .      SeeInvis +   a - +0 war axe
rCold   . . .      Faith    .   c - +0 buckler
rNeg    + . .      Spirit   .   b - +0 scale mail
rPois   .          Reflect  .   (no helmet)
rElec   .          Harm     .   (no cloak)
rCorr   .          Rampage  .   (no gloves)
Will    .....                   (no barding)
Stlth   ..........              (no amulet)
HPRegen 0.10/turn               g - ring of positive energy
MPRegen 0.08/turn               (no ring)

@: confused, mighty
A: large, rugged brown scales 3, see invisible, deformed body, roll 1, armoured
tail
a: Rolling Charge


You were on level 2 of the Dungeon.
You visited 1 branch of the dungeon, and saw 2 of its levels.

You collected 16 gold pieces.

Inventory:

Hand Weapons
 a - a +0 war axe (weapon)
Armour
 b - a +0 scale mail (worn)
 c - a +0 buckler (worn)
Jewellery
 g - a ring of positive energy (left hand)
Scrolls
 e - a scroll of blinking {unknown}
 f - a scroll of magic mapping
 h - a scroll of immolation


   Skills:
 * Level 3.4 Fighting
 * Level 2.4 Axes
 * Level 2.7 Armour
 * Level 2.7 Shields


You had 2 spell levels left.
You didn't know any spells.
Your spell library contained the following spells:

 Spells                   Type           Power      Damage    Failure   Level
 Sandblast                Erth           0%         2d4       75%         1
 Passwall                 Tmut/Erth      0%         N/A       87%         2
 Stone Arrow              Conj/Erth      0%         3d7       98%         3


Dungeon Overview and Level Annotations

Branches:
Dungeon (2/15)

Altars:

Shops:
D:1 :


Innate Abilities, Weirdness & Mutations

You are completely covered in rugged brown scales. (AC +3, +7% HP)
You have supernaturally acute eyesight. (SInv)
Armour fits poorly on your strangely shaped body.
You can roll at nearby foes to attack.
You have a long armoured tail.


Message History

You're too confused to move!
The orc wizard hits you but does no damage.
You miss the orc wizard.
Your tail-slap misses the orc wizard.
The orc wizard is heavily wounded.
The orc wizard hits you but does no damage.
You are too confused!
You miss the orc wizard.
The orc wizard is heavily wounded.
The orc wizard hits you with a +0 dagger.
The orc wizard hits you but does no damage.
You're too confused to move!
The orc wizard hits you with a +0 dagger.
You closely miss the orc wizard.
The orc wizard is heavily wounded.
You hit the orc priest.
The orc priest hits you with a +0 flail.
The orc wizard points at you and mumbles some strange words.
You are more confused.
The orc priest hits you with a +0 flail.
You miss the orc priest.
The orc priest is heavily wounded.
You barely miss the orc wizard.
The orc priest hits you but does no damage.
The orc wizard hits you but does no damage.
The orc priest hits you with a +0 flail.
The orc wizard hits you but does no damage.
The orc priest hits you with a +0 flail.
* * * LOW HITPOINT WARNING * * *
You closely miss the orc priest.
The orc priest is heavily wounded.
You closely miss the orc wizard.
The orc wizard hits you but does no damage.
The orc priest hits you with a +0 flail.
* * * LOW HITPOINT WARNING * * *
Okay, then.
You feel very mighty all of a sudden.
The orc wizard hits you with a +0 dagger.
* * * LOW HITPOINT WARNING * * *
The orc priest hits you with a +0 flail.
You die...

......#.##.##..#.####
.###.##.#.).(..........
.....).........<...#
.###†##.#.#####....##
#........).......>....
#.#...............####
..............#..###
........#.###.#..####
.#.#..........)o@...###
........#......o........
.#......#.###.#..##.####
.#......#.# #.#..# #
#.#..# #.#..# ......
.....#. ####


You could see an orc priest and an orc wizard.

Vanquished Creatures
  A dart slug (D:1)
  2 orcs (D:2)
  5 endoplasms (D:1)
  3 giant cockroaches (D:1)
  2 hobgoblins (D:1)
  3 kobolds
  3 quokkas (D:1)
  A ball python (D:1)
  3 bats (D:1)
  2 frilled lizards
  A goblin (D:2)
  A rat (D:2)
27 creatures vanquished.

Notes
Turn   | Place    | Note
-------+----------+-------------------------------------------
     0 | D:1      | DrunkBamboolord the Palentonga Fighter began the quest for
                  | the Orb.
     0 | D:1      | Reached XP level 1. HP: 19/19 MP: 1/1
   180 | D:1      | Found Waong's Book Shoppe.
   196 | D:1      | Reached XP level 2. HP: 25/25 MP: 2/2
   464 | D:1      | Found a faded altar of an unknown god.
   861 | D:2      | Reached XP level 3. HP: 31/31 MP: 3/3
   941 | D:2      | Slain by an orc priest

Illustrated notes

Levels and vault maps discovered:
D:1:      dpeg_arrival_simpleton_c, layout_basic,
          hellmonk_ecumenical_altar_blasted, serial_shops,
          nicolae_shop_advertising_works [nicolae_subvault_shop_adworks]
D:2:      layout_basic, basic_altar

Action                   || total
-------------------------++-------
Melee: War axe           ||    77
       Tailslap          ||     5
 Abil: Rolling Charge    ||    22
  Use: Scroll            ||     2
       Potion            ||     1
Armor: Scale mail        ||    45
Dodge: Dodged            ||    25
Block: Buckler           ||    16

Table legend: (Time is in decaauts)
 A = Elapsed time spent in this place.
 B = Non-inter-level travel time spent in this place.
 C = Inter-level travel time spent in this place.
 D = Time resting spent in this place.
 E = Time spent auto-exploring this place.
 F = Levels seen in this place.
 G = Mean time per level.
                   A        B        C        D        E       F      G
               +--------+--------+--------+--------+--------+-----+--------+
         Total |    970 |    918 |     52 |      0 |    730 |   2 |  485.0 |
       Dungeon |    970 |    918 |     52 |      0 |    730 |   2 |  485.0 |
               +--------+--------+--------+--------+--------+-----+--------+

Top non-repeatable levels by time:
     D:1: 877 daAuts
     D:2: 92 daAuts
